 Dungeon Crawl Stone Soup version 0.18.1-6-gd335043 (webtiles) character file.

191 namelastname112 the Sneak (level 5, -5/41 HPs)
             Began as a Draconian Enchanter on May 16, 2016.
             Slain by M4edhros's ghost (9 damage)
             ... on level 4 of the Dungeon.
             The game lasted 00:06:12 (2922 turns).

namelastname112 the Sneak (Draconian Enchanter)     Turns: 2922, Time: 00:06:13

Health: -5/41      AC:  5    Str: 11    XL:     5   Next: 42%
Magic:  5/9        EV: 18    Int: 15    God:
Gold:   213        SH:  0    Dex: 17    Spells: 3 memorised, 3 levels left

rFire  . . .     SeeInvis .     m - +1 dagger (venom)
rCold  + . .     Gourm    .     (armour unavailable)
rNeg   . . .     Faith    .     (no shield)
rPois  +         Spirit   .     (helmet restricted)
rElec  .         Dismiss  .     (no cloak)
rCorr  .         Reflect  .     (no gloves)
SustAt .         Harm     .     (no boots)
MR     .....                    (no amulet)
Stlth  +++.......               o - ring of protection from cold
                                i - ring of poison resistance

@: agile, not resistant to hostile enchantments, fairly stealthy
A: unfitting armour, cold-blooded, AC +5
a: no special abilities


You were on level 4 of the Dungeon.
You were not hungry.

You visited 2 branches of the dungeon, and saw 5 of its levels.

You collected 213 gold pieces.

Inventory:

Hand Weapons
 m - a +1 dagger of venom (weapon)
Jewellery
 i - a ring of poison resistance (left hand)
 o - a ring of protection from cold (right hand)
Scrolls
 f - a scroll of teleportation {unknown}
 g - a scroll of fog {unknown}
 h - a scroll of blinking {unknown}
 l - a scroll of random uselessness {unknown}
 p - a scroll of identify {unknown}
Potions
 a - a potion of might {unknown}
 d - a potion of berserk rage
 e - a potion of heal wounds {unknown}
 j - a potion of magic {unknown}
 k - a potion of resistance {unknown}
 n - a potion of ambrosia {unknown}
 r - a potion of curing {unknown}
Books
 b - a book of Maledictions

   Spells                             Type                      Level
   a - Corona                         Hexes                        1
   b - Ensorcelled Hibernation        Hexes/Ice                    2
   c - Confuse                        Hexes                        3
   d - Tukima's Dance                 Hexes                        3
   e - Dazzling Spray                 Conjuration/Hexes            3
Comestibles
 c - 2 bread rations


   Skills:
 + Level 2.1 Fighting
 + Level 2.0 Short Blades
 + Level 2.3 Dodging
 * Level 3.8 Stealth
 + Level 2.6 Spellcasting
 * Level 3.3 Hexes


You had 3 spell levels left.
You knew the following spells:

 Your Spells              Type           Power        Failure   Level  Hunger
a - Corona                Hex            ##.....      6%          1    #......
x - Confuse               Hex            ##......     17%         3    ###....
z - Ensorcelled Hibernat  Hex/Ice        #.....       17%         2    ##.....


Dungeon Overview and Level Annotations

Branches:
Dungeon (4/15)             Temple (1/1) D:4

Altars:
Ashenzari
Cheibriados
Dithmenos
Elyvilon
Fedhas
Makhleb
Nemelex Xobeh
Ru
Sif Muna
Trog
Vehumet
Xom
Zin

Annotations:
D:3 eragonby's ghost, amateur DECj
D:4 M4edhros's ghost, weakling FoFi


Innate Abilities, Weirdness & Mutations

Your plain brown scales are hard (AC +5).
Your body does not fit into most forms of armour.
You are cold-blooded and may be slowed by cold attacks.


Message History

M4edhros's ghost hits you.
* * * LOW HITPOINT WARNING * * *
The orc hits you with a short sword.
* * * LOW HITPOINT WARNING * * *
You continue eating.
M4edhros's ghost barely misses you. The orc hits you with a short sword.
* * * LOW HITPOINT WARNING * * *
You finish eating.
That bread ration really hit the spot!
You take 24 damage, and have 4/41 hp.
MASSIVE DAMAGE!!
Drink which item? (? for menu, Esc to quit)
Okay, then.
You aren't carrying any items that you can evoke.
There's nothing to close nearby.
That item cannot be evoked!
Unknown command.
Drink which item? (? for menu, Esc to quit)
It was a potion of agility.
You feel agile all of a sudden. M4edhros's ghost hits you!
You die...

#.#.####..##.##..## #o#.#
#..#.......#
#..o#.####..#.8.8.8.#
#.###...#...#..⌠.⌠..# #.
###.#.#...8.>.8.# #
#...#....⌠.⌠..##
#..##.#.8.8.8..#
#o.##W#........# # # #.
#..##@########.# # #. #.#
#..##o# #.# # .##.# #o.##.#
#.####### . .#.# ##..##W#
#........ .. ^.. #......#
###.####. .. #.#
#...#############.# #.
#.##.####..##.............#
#.
#..........##.#############
#. #.##.####.....# ###(


You could see a phantom, M4edhros's ghost and an orc.

Vanquished Creatures
  A hound (D:4)
  Jessica (D:2)
  Robin (D:2)
  4 adders
  An ooze (D:4)
  4 worms
  A dart slug (D:1)
  2 giant geckos
  2 orcs (D:4)
  3 giant cockroaches
  17 goblins
  7 hobgoblins
  3 kobolds (D:1)
  A ball python (D:1)
  9 bats
  7 giant newts
  4 rats
68 creatures vanquished.

Notes
Turn   | Place    | Note
--------------------------------------------------------------
     0 | D:1      | namelastname112 the Draconian Enchanter began the quest for the Orb.
     0 | D:1      | Reached XP level 1. HP: 14/14 MP: 3/3
     0 | D:1      | xeno23: почему ты не берешь подходящую расу
     0 | D:1      | xeno23: под бэк
    37 | D:1      | xeno23: так интересней играть
    37 | D:1      | namelastname112: потому что я драконовод
   335 | D:1      | Reached XP level 2. HP: 22/22 MP: 5/5
   339 | D:1      | Learned a level 2 spell: Ensorcelled Hibernation
   852 | D:1      | namelastname112: ну
   852 | D:1      | namelastname112: если ща проебу
   852 | D:1      | namelastname112: то сделаю vpen
   852 | D:1      | namelastname112: гозага
  1034 | D:1      | Reached XP level 3. HP: 27/27 MP: 6/6
  1151 | D:2      | oplop: гозаг хуже атеизма же
  1155 | D:2      | Noticed Robin
  1157 | D:2      | Reached skill level 1 in Fighting
  1196 | D:2      | Killed Robin
  1218 | D:2      | namelastname112: оплоп
  1218 | D:2      | namelastname112: ты не шаришь
  1381 | D:2      | Noticed Jessica
  1386 | D:2      | Killed Jessica
  1386 | D:2      | Reached XP level 4. HP: 36/36 MP: 3/7
  1391 | D:2      | Learned a level 3 spell: Confuse
  1838 | D:2      | Found a burning altar of Makhleb.
  1838 | D:2      | Found a radiant altar of Vehumet.
  1986 | D:3      | Noticed eragonby's ghost (amateur DECj)
  2087 | D:3      | Found a shattered altar of Ashenzari.
  2189 | D:3      | Found a shadowy altar of Dithmenos.
  2232 | D:3      | xeno23: вот гозаг странный бог
  2347 | D:3      | Found a snail-covered altar of Cheibriados.
  2351 | D:3      | xeno23: вроде говно, а вроде и оп
  2443 | D:4      | Found a sacrificial altar of Ru.
  2445 | D:4      | Found a white marble altar of Elyvilon.
  2446 | D:4      | Found a sparkling altar of Nemelex Xobeh.
  2456 | D:4      | Found a staircase to the Ecumenical Temple.
  2464 | Temple   | Entered the Ecumenical Temple
  2651 | D:4      | Reached XP level 5. HP: 37/41 MP: 3/8
  2676 | D:4      | xeno23: !decent player
  2782 | D:4      | namelastname112: слитно
  2812 | D:4      | xeno23: !decentplayer
  2873 | D:4      | beem: xeno23 is not a decent player. 4 oneandwon wins (6 to go).
  2886 | D:4      | xeno23: мм
  2889 | D:4      | xeno23: уже 4
  2890 | D:4      | Noticed a phantom
  2906 | D:4      | xeno23: скоро я стану ДОСТОЙНЫМ
  2915 | D:4      | Noticed M4edhros's ghost (weakling FoFi)
  2922 | D:4      | xeno23: dc`
  2922 | D:4      | xeno23: hbg
  2922 | D:4      | xeno23: rip
  2922 | D:4      | Slain by M4edhros's ghost

Skill      XL: |  1  2  3  4  5 |
---------------+----------------+-----
Stealth        | 3 |  3.8
Dodging        | 2 |  2.3
Fighting       | 1 2 |  2.1
Hexes          | 3 |  3.3
Short Blades   | 2 |  2.0
Spellcasting   | |  2.6

Action                   |  1- 3 |  4- 6 || total
-------------------------+-------+-------++-------
Melee: Dagger            |    91 |    90 ||   181
       Tailslap          |     9 |    11 ||    20
 Cast: Ensorcelled Hiber |    11 |    17 ||    28
       Confuse           |       |     3 ||     3
  Use: Potion            |       |     2 ||     2
 Stab: Distracted        |     1 |       ||     1
       Sleeping          |    12 |    13 ||    25
  Eat: Chunk             |     2 |     5 ||     7
       Bread ration      |       |     1 ||     1
Armor: Skin              |    23 |    20 ||    43
Dodge: Dodged            |    44 |    53 ||    97
